[Event "Israeli Team U18-ch 2022"]
[Site "Be'er Ya'akov"]
[Date "2022.08.16"]
[Round "7.16"]
[White "Sade, Elad"]
[Black "Zuev, Ilya"]
[Result "0-1"]
[ECO "C01"]
[WhiteElo "1359"]
[BlackElo "1789"]
[Annotator "NA RC"]
[PlyCount "132"]
[EventDate "2022.08.14"]
[EventCountry "ISR"]
[SourceTitle "playchess.com"]
[Source "ChessBase"]
[SourceQuality "1"]
[TimeControl "3000+10"]

1. e4 e6 2. d4 d5 3. exd5 exd5 4. Nf3 Nf6 5. Bd3 Bd6 6. O-O O-O 7. Re1 Re8 8. Rxe8+ Qxe8 9. Bg5 Ne4 10. Qe2 f5 11. c4 c6 12. Nc3 Be6 13. cxd5 cxd5 14. Nb5 Qd7 15. Nxd6 Qxd6 16. Be3 Nc6 17. Rc1 f4 18. Bd2 Nxd2 19. Qxd2 Bg4 20. Be2 Re8 21. h3 Bh5 22. Re1 Qb4 23. Kf1 Qxd2 24. Nxd2 Rxe2 25. Rxe2 Bxe2+ 26. Kxe2 Nxd4+ 27. Kd3 Nc6 28. a3 a5 29. Nb3 b6 30. Nd4 Ne5+ 31. Kc3 Kf7 32. Ne2 g5 33. Kd4 Ke6 34. Nc3 Nc6+ 35. Kd3 Ke5 36. Nb5 h5 37. Nc7 Nb8 38. Ne8 Na6 39. Ng7 h4 40. f3 Nc5+ 41. Kc2 b5 42. Ne8 Ne6 43. Kd3 Nc5+ 44. Kc2 b4 45. Nc7 Kd4 46. Kd2 Kc4 47. Kc2 bxa3 48. bxa3 d4 49. Kb2 Kd3 50. Nb5 Ne6 51. Nd6 Ke2 52. Kc1 d3 53. Nc4 Nd4 54. Nd2 Ke1 55. Nc4 Ne2+ 56. Kb2 d2 57. Nxd2 Kxd2 58. Kb3 Nc3 59. Kc4 Kc2 60. Kc5 Kb3 61. Kd4 Kxa3 62. Kxc3 a4 63. Kc2 Kb4 64. Kb2 Kc4 65. Ka3 Kd3 66. Kxa4 Ke2 0-1

[Event "Israeli Team U18-ch 2022"]
[Site "Be'er Ya'akov"]
[Date "2022.08.16"]
[Round "7.17"]
[White "Kochavi, Dana"]
[Black "Gavriely, Or"]
[Result "0-1"]
[ECO "B11"]
[WhiteElo "1885"]
[BlackElo "2072"]
[Annotator "TA"]
[PlyCount "136"]
[EventDate "2022.08.14"]
[EventCountry "ISR"]
[SourceTitle "playchess.com"]
[Source "ChessBase"]
[SourceQuality "1"]
[TimeControl "3000+10"]

1. e4 c6 2. Nc3 d5 3. Nf3 dxe4 4. Nxe4 Nf6 5. Qe2 Nxe4 6. Qxe4 Qd5 {[%emt 0:00:30] B11: Caro-Kann: Two Knights Variation.} 7. Qh4 Qe6+ 8. Be2 Qg4 {[%emt 0:00:08] The position is equal.} 9. Qg3 Qxg3 10. hxg3 g6 11. Ng5 Bg7 {[%emt 0:01:00] [#]} 12. d3 $146 (12. Rxh7 Rxh7 13. Nxh7 Bf5 $15) ({Predecessor:} 12. Bc4 e6 13. c3 c5 14. Ne4 Nd7 15. Bb5 b6 16. Nd6+ Ke7 17. Nxc8+ Raxc8 18. d3 {½-½ (33) Wen,Y (2585)-Bai,J (2586) Xinghua 2018}) 12... Nd7 13. Ne4 Nb6 14. c3 Nd5 15. Bd2 f5 16. Ng5 h6 17. Nf3 e5 18. O-O-O Kf7 19. Rde1 e4 20. dxe4 fxe4 21. Nd4 Bxd4 22. cxd4 Kg7 {[%emt 0:01:33] [#]} ({Better is} 22... h5 $1 $14) 23. Rh4 (23. Bd1 $1 $16) 23... Nf6 (23... Bf5 $11) 24. Reh1 $1 $14 h5 25. Bg5 (25. Bf4 $16) 25... Rf8 26. f3 exf3 27. gxf3 Be6 28. b3 Bd5 29. g4 (29. Bd1 $1 $11) 29... Nh7 (29... Rae8 $5 30. R1h2 Nh7 $11) 30. Bd2 {[%emt 0:00:45] This bishop pair is nice.} Rae8 $36 {[%emt 0:01:32][%mdl 2048] Black is pushing.} 31. Bd1 (31. gxh5 {keeps more tension.} Rxe2 32. hxg6 Ng5 33. Bxg5 Rxf3 34. Bd2) 31... Bxf3 32. Bxf3 Rxf3 33. gxh5 g5 34. Rg4 Kh6 35. Rh2 Rf5 36. Kc2 Nf6 37. Rg3 Re4 38. Kd3 c5 39. dxc5 Rd5+ ({Black should try} 39... Rxc5 $17 40. Bc3 Rd5+ 41. Kc2 Nxh5) 40. Kc2 $15 Rxc5+ 41. Kb2 Rf5 {[%emt 0:01:48] Against Rf3} 42. Rhg2 Nh7 43. Rd3 Nf6 44. Rdg3 Ree5 45. Rh3 Nd5 46. Rgh2 Nf4 47. Rc3 Rc5 48. Re3 Rfe5 49. Rf3 Re4 50. Rg3 b6 {[%emt 0:00:00] Black is much more active.} 51. Rf3 Rd5 52. Kc2 Rd6 53. Rc3 Re2 (53... Red4 {looks sharper.} 54. Rc7 Rd7 55. Rc6+ R4d6) 54. Rxe2 Nxe2 $11 {[%mdl 4096] Endgame KRB-KRN} 55. Rc7 (55. Rd3 $1 $15 Nd4+ 56. Kd1) 55... Nd4+ $17 ({Much weaker is} 55... Kxh5 $6 56. Rxa7 Nd4+ 57. Kc1 $11) 56. Kd1 $2 {[%emt 0:00:01][%mdl 8192] [#] Now White is beyond hope.} (56. Kb2 $17) 56... Nf3 $19 57. Rc2 Rxd2+ {[%emt 0:00:06] Black mates.} 58. Rxd2 Nxd2 59. Kxd2 Kxh5 {[%emt 0:00:01] K3P-KPP} 60. Ke2 Kg4 61. Kf2 Kf4 62. Kg2 g4 63. Kf2 b5 64. b4 a6 65. a3 g3+ 66. Kg2 Kg4 67. Kf1 Kf3 68. Kg1 g2 {[%emt 0:00:00] Weighted Error Value: White=0.36/Black=0.11 (very precise)} 0-1

[Event "Israeli Team U18-ch 2022"]
[Site "Be'er Ya'akov"]
[Date "2022.08.16"]
[Round "7.18"]
[White "Gadasi, Noam"]
[Black "Shefer, Uri"]
[Result "1-0"]
[ECO "C77"]
[WhiteElo "1993"]
[BlackElo "1854"]
[Annotator "TA"]
[PlyCount "147"]
[EventDate "2022.08.14"]
[EventCountry "ISR"]
[SourceTitle "playchess.com"]
[Source "ChessBase"]
[SourceQuality "1"]
[TimeControl "3000+10"]

1. e4 e5 2. Nf3 Nc6 3. Bb5 a6 4. Ba4 Nf6 5. d3 d6 6. c3 g6 7. O-O Bg7 8. Re1 b5 {[%emt 0:00:55] C77: Ruy Lopez: 3...a6 4 Ba4 Nf6, unusual lines.} 9. Bb3 O-O 10. a4 {[%emt 0:00:00] [#]} b4 $146 {[%emt 0:01:19] The position is equal.} ({Predecessor:} 10... Rb8 11. axb5 axb5 12. Nbd2 Nd7 13. Nf1 Nc5 14. Ba2 Be6 15. Bg5 Qd7 16. Bd5 h6 {0-1 (56) Velickovic,S (2401)-Pavlovic,M (2457) Mataruska Banja 2008}) 11. Nbd2 a5 12. h3 Ne7 13. Nf1 Bb7 14. Ng3 c5 15. d4 Qc7 16. dxc5 dxc5 17. Qe2 Nc8 18. Bg5 Nb6 (18... bxc3 $11 19. bxc3 Nd6) 19. cxb4 $16 axb4 20. Rec1 ({White should try} 20. a5 $16 Nbd7 21. a6) 20... Ra5 $11 21. Qc2 Rfa8 (21... Ba6 $11) 22. Be3 $16 Nfd7 23. Ng5 $1 Rf8 (23... c4) 24. Bxf7+ $18 Rxf7 25. Qb3 {[%emt 0:00:00][%mdl 64] Pin} Nf6 {[%emt 0:00:43][%cal Og7f8] [#]} 26. Qxf7+ (26. Bxc5 $1 Nbd5 27. Bxb4) 26... Qxf7 27. Nxf7 Kxf7 28. Bxc5 Nbd7 29. Bxb4 Ra6 30. Rc7 Bc6 31. a5 Bh6 {[%emt 0:00:20] [#]} (31... Ne8 $142 32. Rc8 Bb5) 32. Rd1 $1 {[%emt 0:00:00] Strongly threatening Rd6.} Bf8 {[%emt 0:00:53] Inhibits Rd6.} (32... Bb5 $142 33. Nf1 Ke8) 33. Bxf8 Kxf8 34. Rd6 Bb5 35. Rxa6 Bxa6 36. b4 Ke8 37. f3 Kd8 38. Rc2 Bb5 39. Kf2 Ne8 40. Ne2 Bxe2 $2 (40... Nc7 41. Nc3 Bc4) 41. Kxe2 Nc7 42. Ke3 Nb5 43. f4 exf4+ 44. Kxf4 Nd4 45. Rd2 Ne6+ 46. Ke3 Kc7 47. b5 Ne5 48. Rc2+ Kb7 49. g3 {[%emt 0:00:19] a6+ is the strong threat.} h6 50. Kd2 Nd4 51. Rc3 $2 (51. Rb2 $18 {and White stays clearly on top.}) 51... Nxb5 $16 52. Rc5 Nf3+ $2 {[%emt 0:00:01][%mdl 8192] Black cannot hold the game after this.} (52... Nd4 $16 53. Kc3 (53. a6+ Kxa6 54. Rd5 Ndc6 $11) 53... Ndc6) 53. Ke3 $18 Nfd4 54. Rd5 Nc2+ 55. Kf4 Nc7 (55... Ka6 56. Ke5 g5) 56. Rd6 g5+ 57. Kf5 Ne3+ 58. Kg6 Nc4 59. Rf6 Nxa5 60. Kxh6 g4 61. hxg4 {[%emt 0:00:13][%cal Bh3g4,Bg4g5][%mdl 32] Intending g5 and mate.} Kc8 62. g5 {[%emt 0:00:03] White mates.} Ne8 63. Rf8 Kd7 64. g6 Nc6 65. g7 Nxg7 66. Kxg7 {[%emt 0:00:02] KR-KN} Nd4 67. Rf7+ Ke6 68. g4 Ke5 69. g5 Ne6+ 70. Kh6 Nd4 71. g6 Ke6 72. Rf1 Nc6 73. g7 Ne7 74. Rf8 {[%emt 0:00:02] Weighted Error Value: White=0.47/Black=0.60} 1-0

[Event "Israeli Team U18-ch 2022"]
[Site "Be'er Ya'akov"]
[Date "2022.08.16"]
[Round "7.19"]
[White "Soybert, Ori"]
[Black "Dezent, Eyal"]
[Result "1/2-1/2"]
[ECO "D14"]
[WhiteElo "1753"]
[BlackElo "1869"]
[Annotator "NA RC"]
[PlyCount "38"]
[EventDate "2022.08.14"]
[EventCountry "ISR"]
[SourceTitle "playchess.com"]
[Source "ChessBase"]
[SourceQuality "1"]
[TimeControl "3000+10"]

1. c4 c6 2. d4 d5 3. cxd5 cxd5 4. Bf4 Nf6 5. Nc3 Nc6 6. e3 Bf5 7. Nf3 e6 8. Bb5 a6 9. Bxc6+ bxc6 10. Qa4 Qb6 11. Ne5 Rc8 12. O-O Be7 13. Bg5 h6 14. Bh4 Rc7 15. Qb3 Qa7 16. Qa4 Qb6 17. Qb3 Qa7 18. Qa4 Qb7 19. Qb3 Qa7 1/2-1/2

[Event "Israeli Team U18-ch 2022"]
[Site "Be'er Ya'akov"]
[Date "2022.08.16"]
[Round "7.20"]
[White "Qasem, Huda"]
[Black "Bercovici, Yaniv"]
[Result "1/2-1/2"]
[ECO "B23"]
[WhiteElo "1765"]
[BlackElo "1548"]
[Annotator "NA RC"]
[PlyCount "123"]
[EventDate "2022.08.14"]
[EventCountry "ISR"]
[SourceTitle "playchess.com"]
[Source "ChessBase"]
[SourceQuality "1"]
[TimeControl "3000+10"]

1. e4 c5 2. Nc3 a6 3. g3 b5 4. Bg2 Bb7 5. d3 e6 6. f4 d5 7. e5 Nc6 8. Nf3 Nge7 9. O-O Nf5 10. g4 Nh4 11. Nxh4 Qxh4 12. Bd2 h5 13. g5 Qg4 14. Qxg4 hxg4 15. a4 Nd4 16. axb5 Nxc2 17. bxa6 Rxa6 18. Rab1 Nb4 19. d4 cxd4 20. Nb5 Rb6 21. Nxd4 Ba6 22. Rfd1 Nd3 23. Bf1 Bc5 24. Be3 Nxb2 25. Rdc1 Nc4 26. Bxc4 Bxc4 27. Rxb6 Bxb6 28. Nc2 Bd8 29. Na3 Rh3 30. Nxc4 dxc4 31. Bf2 c3 32. Bg3 Bb6+ 33. Kg2 Be3 34. Rxc3 Bxf4 35. Rc4 Bxg3 36. hxg3 Rh5 37. Rxg4 g6 38. Kg1 Kd7 39. Kg2 Kc6 40. Rf4 Kd5 41. Rxf7 Kxe5 42. Rf1 Rxg5 43. Re1+ Kf6 44. Kf3 Rf5+ 45. Kg2 e5 46. g4 Rf4 47. Kg3 g5 48. Ra1 Rd4 49. Ra6+ Kf7 50. Ra5 Rd3+ 51. Kf2 Ke6 52. Ra6+ Rd6 53. Ra5 Rd4 54. Kf3 Rd3+ 55. Ke4 Rd4+ 56. Kf3 Rf4+ 57. Kg3 Kf6 58. Ra6+ Kg7 59. Ra5 Kf6 60. Ra6+ Kf7 61. Ra5 Ke6 62. Ra6+ 1/2-1/2